 Dungeon Crawl Stone Soup version 0.27-a0-409-gd57800a693 (webtiles) character file.

Game seed: 6783867413662911420

92 Ijustatesigmund the Skirmisher (level 4, -2/36 HPs)
             Began as a Demonspawn Fighter on Feb 23, 2021.
             Was an Initiate of Okawaru.
             Slain by a gnoll
             ... wielding a +0 halberd
              (13 damage)
             ... on level 2 of the Dungeon.
             The game lasted 00:04:57 (2425 turns).

Ijustatesigmund the Skirmisher (Demonspawn Fighter) Turns: 2425, Time: 00:04:58

Health: -2/36      AC:  8    Str: 16    XL:     4   Next: 35%
Magic:  4/4        EV:  7    Int:  9    God:    Okawaru [......]
Gold:   63         SH:  8    Dex: 14    Spells: 3/3 levels left

rFire    . . .     SeeInvis .   a - +0 flail
rCold    . . .     Faith    .   c - +0 kite shield
rNeg     . . .     Spirit   .   b - +0 scale mail
rPois    .         Reflect  .   (no helmet)
rElec    .         Harm     .   (no cloak)
rCorr    .         Rampage  .   (no gloves)
Will     .....                  (no boots)
Stlth    ..........             (no amulet)
HPRegen  0.12/turn              (no ring)
MPRegen  0.09/turn              (no ring)

@: mighty
A: molten scales 1, foul stench 1, powered by death 1
a: Renounce Religion


You were on level 2 of the Dungeon.
You worshipped Okawaru.
Okawaru was noncommittal.
You visited 1 branch of the dungeon, and saw 3 of its levels.

You collected 63 gold pieces.

Inventory:

Hand Weapons
 a - a +0 flail (weapon)
Armour
 b - a +0 scale mail (worn)
 c - a +0 kite shield (worn)
Scrolls
 f - a scroll of teleportation
 g - 2 scrolls of identify
 i - 2 scrolls of amnesia
Potions
 d - 2 potions of might
 e - a potion of invisibility
 h - a potion of brilliance


   Skills:
 + Level 3.6 Fighting
 * Level 3.2 Maces & Flails
 - Level 2.6 Armour
 + Level 1.5 Dodging
 - Level 2.6 Shields
 + Level 0.4 Invocations


You had 3 spell levels left.
You didn't know any spells.
Your spell library was empty.

Dungeon Overview and Level Annotations

Branches:
Dungeon (3/15)

Altars:
Okawaru


Innate Abilities, Weirdness & Mutations

You are partially covered in molten scales. (AC +2)
You may rarely emit foul miasma when damaged in melee.
You regenerate a little health from kills.


Message History

No target in view!
No target in view!
You start resting.
HP restored.
Things that are here:
a +0 spear; a gnoll corpse
i - 2 scrolls of amnesia (gained 1)
Things that are here:
a +0 spear; a gnoll corpse 3 gnolls come into view.
The gnoll shouts!
You hear an angry hiss.
The gnoll moves out of view.
Things that are here:
a +0 spear; a gnoll corpse
There is a stone staircase leading up here.
You block the gnoll's attack.
There is a stone staircase leading up here.
The gnoll hits you but does no damage. The gnoll hits you with a +0 halberd!
You climb upwards.
There is a stone staircase leading down here.
You closely miss the gnoll. The gnoll closely misses you.
The gnoll hits you with a +0 halberd!
You are too injured to fight recklessly!
You block the gnoll's attack.
You feel very mighty all of a sudden. The gnoll completely misses you. x2
You barely miss the gnoll. The gnoll hits you but does no damage.
The gnoll hits you with a +0 flail.
You closely miss the gnoll.
The gnoll hits you from afar with a +0 halberd.
* * * LOW HITPOINT WARNING * * *
The gnoll hits you but does no damage.
You sock the gnoll!
You kill the gnoll!
Okawaru accepts your kill.
The gnoll hits you but does no damage. x2
You hit the gnoll.
The gnoll is moderately wounded.
The gnoll hits you with a +0 halberd!
You die...

...#.##.#.(.#..###.####..........
...#.##.##.##..).........#.######
...'...........###...#...#.......
...####.###....##........########
...# #.# #.....#..#............#
#..# #.# #.....#..##..#.######.#
#.## ##.###.....#..###.#.## #.#
### #..#..........##.....# #.# #
#.##.#.....@).....#..#####.# #
#.##.#.....g....###..#.....# #
#....#........>......#.##### #
######..........#...........
#..........#...........
###...#.....#...........
#........>..####.#.#####
#........##.# #...#...#
#........##.# #####.#.#


You could see a gnoll.

Vanquished Creatures
  An iguana (D:2)
  2 gnolls
  A worm (D:2)
  3 dart slugs
  A leopard gecko (D:1)
  6 bats
  4 giant cockroaches (D:1)
  4 hobgoblins
  3 jackals (D:1)
  A frilled lizard (D:1)
  4 goblins
  3 kobolds (D:1)
  5 rats
38 creatures vanquished.

Vanquished Creatures (others)
  3 plants (D:3)
3 creatures vanquished.

Grand Total: 41 creatures vanquished

Notes
Turn   | Place    | Note
-------+----------+-------------------------------------------
     0 | D:1      | Ijustatesigmund the Demonspawn Fighter began the quest for
                  | the Orb.
     0 | D:1      | Reached XP level 1. HP: 18/18 MP: 1/1
   228 | D:1      | Gained mutation: You may rarely emit foul miasma when
                  | damaged in melee. [demonic ancestry]
   228 | D:1      | Reached XP level 2. HP: 21/24 MP: 2/2
   712 | D:1      | Reached skill level 1 in Dodging
   721 | D:1      | Gained mutation: You regenerate a little health from kills.
                  | [demonic ancestry]
   721 | D:1      | Reached XP level 3. HP: 15/29 MP: 3/3
  1048 | D:2      | Found an iron altar of Okawaru.
  1839 | D:2      | Gained mutation: You are partially covered in molten
                  | scales. (AC +2) [demonic ancestry]
  1839 | D:2      | Reached XP level 4. HP: 13/35 MP: 4/4
  2279 | D:2      | Became a worshipper of Warmaster Okawaru
  2425 | D:2      | Slain by a gnoll

Illustrated notes

Levels and vault maps discovered:
D:1:      dpeg_arrival_rooms_with_view, layout_rooms
D:2:      layout_basic, kennysheep_okawaru_gauntlet
D:3:      layout_rooms, serial_forest, infiniplex_forest_clump_medium,
          infiniplex_forest_clump_small, infiniplex_forest_clump_double,
          infiniplex_forest_corner_2, infiniplex_forest_corner_1,
          infiniplex_forest_zigzag_1, infiniplex_forest_clump_diagonal,
          minivault_27, uniq_grinder

Skill      XL: |  1  2  3 |
---------------+----------+-----
Maces & Flails | 2 3 |  3.2
Dodging        | 1 |  1.5
Fighting       | |  3.6
Armour         | |  2.6
Shields        | |  2.6
Invocations    | |  0.4

Action                   |  1- 3 |  4- 6 || total
-------------------------+-------+-------++-------
Melee: Flail             |   139 |     8 ||   147
  Use: Scroll            |     4 |     1 ||     5
       Potion            |     1 |     1 ||     2
Armor: Scale mail        |    83 |    13 ||    96
Dodge: Dodged            |    56 |     6 ||    62
Block: Kite shield       |    82 |    10 ||    92

Table legend: (Time is in decaauts)
 A = Elapsed time spent in this place.
 B = Non-inter-level travel time spent in this place.
 C = Inter-level travel time spent in this place.
 D = Time resting spent in this place.
 E = Time spent auto-exploring this place.
 F = Levels seen in this place.
 G = Mean time per level.
                   A        B        C        D        E       F      G
               +--------+--------+--------+--------+--------+-----+--------+
         Total |   2502 |   2426 |     76 |    670 |   1335 |   3 |  834.0 |
       Dungeon |   2502 |   2426 |     76 |    670 |   1335 |   3 |  834.0 |
               +--------+--------+--------+--------+--------+-----+--------+

Top non-repeatable levels by time:
     D:2: 1377 daAuts
     D:1: 1075 daAuts
     D:3: 49 daAuts
